 Dungeon Crawl Stone Soup version 0.29-a0-982-gaed3a0c8d8 (webtiles) character file.

Game seed: 12807173763475228224

518 MisterAzrael the Trooper (level 7, 0/54 HPs)
             Began as a Djinni Fire Elementalist on Aug 1, 2022.
             Slain by Menkaure (13 damage)
             ... on level 4 of the Dungeon.
             The game lasted 00:05:45 (4317 turns).

MisterAzrael the Trooper (Djinni Fire Elementalist) Turns: 4317, Time: 00:05:46

Health: 0/54       AC:  2    Str:  9    XL:     7   Next: 45%
Gold:   123        EV: 12    Int: 17    God:
                   SH:  0    Dex: 13

rFire   + + .      SeeInvis .   b - staff of conjuration
rCold   x . .      Faith    .   (no shield)
rNeg    . . .      Spirit   .   a - +0 robe
rPois   ∞          Reflect  .   (no helmet)
rElec   .          Harm     .   (no cloak)
rCorr   .          Rampage  .   (no gloves)
Will    .....                   (boots unavailable)
Stlth   ++........              (no amulet)
HPRegen 0.18/turn               (no ring)
MPRegen 0.00/turn               (no ring)

@: flying, very slightly contaminated
A: sickness immunity, fire resistance 2, cold vulnerability 1, float, innate
caster, HP casting, extra vitality 1
a: no special abilities


You were on level 4 of the Dungeon.
You visited 1 branch of the dungeon, and saw 4 of its levels.

You collected 123 gold pieces.

Inventory:

Armour
 a - a +0 robe (worn)
Magical Staves
 b - a staff of conjuration (weapon)
Wands
 c - a wand of flame (11)
Scrolls
 e - a scroll of teleportation
 g - a scroll of fog {unknown}
 i - a scroll of identify
Potions
 d - a potion of degeneration {unknown}
 f - 2 potions of might {unknown}
 h - a potion of magic {unknown}
 j - a potion of haste {unknown}
 k - a potion of heal wounds
 l - a potion of curing
 m - a potion of mutation {unknown}


   Skills:
 + Level 5.0 Fighting
 - Level 2.1 Dodging
 - Level 1.5 Stealth
 + Level 4.6 Spellcasting


You couldn't memorise any spells.
You knew the following spells:

 Your Spells              Type           Power      Damage    Failure   Level
a - Foxfire               Conj/Fire      100%       2x1d9     2%          1
b - Scorch                Fire           38%        2d6       3%          2
c - Conjure Flame         Conj/Fire      29%        6-21      6%          3
d - Inner Flame           Hex/Fire       19%        N/A       6%          3
e - Flame Wave            Conj/Fire      29%        2d9       22%         4
f - Slow                  Hex            76%        N/A       2%          1
g - Blink                 Tloc           38%        N/A       3%          2
h - Call Canine Familiar  Summ           19%        N/A       6%          3
Your spell library was empty.

Dungeon Overview and Level Annotations

Branches:
Dungeon (4/15)
 Temple: D:4-7

Altars:
Fedhas

Annotations:
D:3 1 runed translucent door, Crazy Yiuf
D:4 Menkaure


Innate Abilities, Weirdness & Mutations

You are immune to sickness and miasma.
You are immune to poison.
Your flesh is very heat resistant. (rF++)
You are vulnerable to cold. (rC-)
You float through the air rather than walking.
You learn spells naturally, not from books.
Your magical power is your life essence.
You have superior vitality. (+4 MHP)


Message History

Menkaure, Prince of Dust comes into view.
Menkaure gestures at you while chanting.
You struggle to resist.
Menkaure hits you!
You feel a surge of power!
You conjure some foxfire!
Menkaure hits you!
You feel a surge of power!
You conjure some foxfire!
The foxfire hits Menkaure!
Menkaure is burned terribly!
Menkaure is heavily damaged.
The foxfire hits Menkaure but does no damage.
Menkaure is heavily damaged.
You are too injured to fight recklessly!
You are too injured to fight recklessly!
The foxfire hits Menkaure.
Menkaure is heavily damaged.
Menkaure calls on the powers of darkness!
Your body is wracked with pain!
* * * LOW HITPOINT WARNING * * *
Casting: Foxfire (safe; 2% risk of failure)
Press: ? - help, Q - select action, (/) - cycle Dir - look around, f - activate You feel a surge of power!
You conjure some foxfire!
* * * LOW HITPOINT WARNING * * *
Menkaure closely misses you.
The foxfire hits Menkaure but does no damage.
Menkaure is heavily damaged.
Menkaure gestures wildly while chanting.
Menkaure seems to speed up.
Casting: Foxfire (safe; 2% risk of failure)
Confirm with . or Enter, or press ? or * to list all spells.
You miscast Scorch.
You are very lightly contaminated with residual magic.
Nothing appears to happen.
* * * LOW HITPOINT WARNING * * *
Menkaure gestures at you while chanting.
You struggle to resist.
Unknown command.
As you read the scroll labelled YTHISS AMADUDD, it crumbles to dust.
It is a scroll of identify.
e - a scroll of teleportation Menkaure hits you!
You die...

#### ...## ....######
#####
.........########....#
##...#.>.........M#
#.....#.#######@##
#.#.###.# #v# #.#.#
#.##### #.# #...#
#.....###.# ########
###.# #####....##
#......# #.# #####.#
######.# #.# #.# #.#
#.# #.# #.# #.# #.#
#.#


You could see Menkaure (fast, ally target).

Vanquished Creatures
  An ogre (D:4)
  A phantom (D:4)
  A necrophage (D:4)
  3 orc priests (D:4)
  Ijyb (D:3)
  An orc wizard (D:4)
  3 gnolls (D:2)
  3 adders
  2 worms (D:2)
  A dart slug (D:4)
  6 orcs (D:4)
  4 bats
  6 endoplasms
  2 giant cockroaches (D:2)
  4 goblins
  12 hobgoblins
  8 jackals
  5 quokkas
  6 ball pythons
  6 frilled lizards
  7 kobolds
  6 rats
89 creatures vanquished.

Vanquished Creatures (collateral kills)
  2 orcs (D:4)
2 creatures vanquished.

Vanquished Creatures (others)
  314 foxfires
314 creatures vanquished.

Grand Total: 405 creatures vanquished

Notes
Turn   | Place    | Note
-------+----------+-------------------------------------------
     0 | D:1      | MisterAzrael the Djinni Fire Elementalist began the quest
                  | for the Orb.
     0 | D:1      | MisterAzrael set off with the following spells memorised:
                  | Foxfire, Scorch, Conjure Flame, Inner Flame, Flame Wave.
     0 | D:1      | Reached XP level 1. HP: 15/15 MP: 0/0
    21 | D:1      | Reached skill level 1 in Fighting
    21 | D:1      | Reached XP level 2. HP: 5/22 MP: 0/0
   716 | D:1      | Found a faded altar of an unknown god.
   768 | D:1      | Reached XP level 3. HP: 25/27 MP: 0/0
   768 | D:1      | Learned a level 1 spell: Slow
  1462 | D:2      | Reached skill level 2 in Fighting
  1729 | D:2      | Reached XP level 4. HP: 27/33 MP: 0/0
  2434 | D:2      | Reached XP level 5. HP: 30/40 MP: 0/0
  2434 | D:2      | Learned a level 2 spell: Blink
  2775 | D:3      | Found a runed translucent door.
  2776 | D:3      | Noticed Crazy Yiuf
  2825 | D:3      | Noticed Ijyb
  2844 | D:3      | Reached skill level 3 in Fighting
  2857 | D:3      | Killed Ijyb
  3081 | D:3      | Found a blossoming altar of Fedhas.
  3099 | D:3      | You are sucked into a shaft and drop 1 floor!
  3194 | D:4      | Noticed an ogre
  3201 | D:4      | Killed an ogre
  3202 | D:4      | Reached XP level 6. HP: 39/47 MP: 0/0
  3280 | D:4      | Reached skill level 4 in Fighting
  3369 | D:4      | Reached XP level 7. HP: 47/53 MP: 0/0
  3369 | D:4      | Learned a level 3 spell: Call Canine Familiar
  3993 | D:4      | Reached skill level 5 in Fighting
  4303 | D:4      | Noticed Menkaure
  4317 | D:4      | Slain by Menkaure

Illustrated notes

Levels and vault maps discovered:
D:1:      giann_forest_graveyard, layout_basic,
          hellmonk_ecumenical_altar_blasted
D:2:      minmay_spotlight, layout_rooms
D:3:      layout_basic, tgw_fedhas, minmay_rat_hole, uniq_ijyb, uniq_sigmund,
          uniq_crazy_yiuf_cottage
D:4:      layout_loops_ring, minmay_temple_entry_enclosed_plants,
          grunt_decor_mini_mirrors, hangedman_minor_gate_pass, uniq_menkaure

Skill      XL: |  1  2  3  4  5  6  7 |
---------------+----------------------+-----
Fighting       | 1 2 3 4 5 |  5.0
Spellcasting   | 3 4 |  4.6
Dodging        | |  2.1
Stealth        | |  1.5

Action                   |  1- 3 |  4- 6 |  7- 9 || total
-------------------------+-------+-------+-------++-------
Melee: Staff             |     1 |       |     2 ||     3
 Cast: Foxfire           |    67 |    95 |    36 ||   198
       Scorch            |       |     6 |       ||     6
       Call Canine Famil |       |       |     3 ||     3
  Use: Potion            |       |     4 |       ||     4
       Scroll            |       |       |     1 ||     1
Armor: Robe              |     1 |     4 |     2 ||     7
Dodge: Dodged            |     8 |    30 |     7 ||    45

Table legend: (Time is in decaauts)
 A = Elapsed time spent in this place.
 B = Non-inter-level travel time spent in this place.
 C = Inter-level travel time spent in this place.
 D = Time resting spent in this place.
 E = Time spent auto-exploring this place.
 F = Levels seen in this place.
 G = Mean time per level.
                   A        B        C        D        E       F      G
               +--------+--------+--------+--------+--------+-----+--------+
         Total |   4316 |   4254 |     62 |    777 |   2938 |   4 | 1079.0 |
       Dungeon |   4316 |   4254 |     62 |    777 |   2938 |   4 | 1079.0 |
               +--------+--------+--------+--------+--------+-----+--------+

Top non-repeatable levels by time:
     D:2: 1342 daAuts
     D:1: 1318 daAuts
     D:4: 1218 daAuts
     D:3: 436 daAuts
